 Dungeon Crawl Stone Soup version 0.30-a0-860-g512cf1e979 (webtiles) character file.

Game seed: 1576956325880196049

73 lunkers the Cudgeller (level 4, 0/54 HPs)
             Began as a Meteoran Warper on Mar 7, 2023.
             Slain by Ijyb
             ... wielding a +0 club
              (4 damage)
             ... on level 4 of the Dungeon.
             The game lasted 00:04:15 (1859 turns).

lunkers the Cudgeller (Meteoran Warper)             Turns: 1859, Time: 00:04:15

Health: 0/54       AC: 22    Str: 12    XL:     4   Next: 81%
Magic:  9/9        EV:  2    Int: 15    God:
Gold:   158        SH:  0    Dex: 15    Spells: 3/8 levels left

rFire   . . .      SeeInvis .    a - +0 mace
rCold   . . .      Faith    .    (no shield)
rNeg    . . .      Spirit   .    b - melded +0 leather armour
rPois   +          Reflect  .    (helmet currently unavailable)
rElec   .          Rampage  .    (cloak currently unavailable)
rCorr   .          NoTele   +    (gloves currently unavailable)
Will    .....                    t - melded +0 pair of boots
Stlth   +                        (no amulet)
HPRegen 0.29/turn                p - ring of poison resistance
MPRegen 0.11/turn                (no ring)

@: tree-form (expiring), glowing
A: stationary, stasis, torment immunity, boosted hp, sense surroundings 1,
otherworldly, glowing, explore regen
a: no special abilities


You were on level 4 of the Dungeon.
You were a tree.
You visited 1 branch of the dungeon, and saw 4 of its levels.

You collected 158 gold pieces.

Inventory:

Hand Weapons
 a - a +0 mace (weapon)
Missiles
 d - 7 boomerangs of dispersal
Armour
 b - a +0 leather armour (melded)
 t - a +0 pair of boots (melded)
Magical Staves
 o - a staff of air
Jewellery
 p - a ring of poison resistance (left branch)
Wands
 s - a wand of charming (9)
Scrolls
 c - a scroll of blinking
 e - a scroll of teleportation {unknown}
 h - 2 scrolls of enchant weapon {unknown}
 i - a scroll of butterflies {unknown}
 k - a scroll of noise {unknown}
 m - a scroll of amnesia {unknown}
 n - 2 scrolls of vulnerability {unknown}
 r - a scroll of acquirement {unknown}
Potions
 f - 2 potions of lignification
 g - a potion of mutation {unknown}
 j - a potion of might {unknown}
 l - 2 potions of attraction {unknown}
 q - 2 potions of curing {unknown}
 u - a potion of degeneration {unknown}
 v - a potion of berserk rage {unknown}
 w - a potion of haste {unknown}


   Skills:
 - Level 2.1 Fighting
 * Level 5.9 Maces & Flails
 - Level 1.2 Throwing
 - Level 1.2 Armour
 - Level 2.4 Dodging
 - Level 2.6 Spellcasting
 - Level 3.6 Translocations


You had 3 spell levels left.
You knew the following spells:

 Your Spells              Type           Power      Damage    Failure   Level
b - Vhi's Electric Charg  Tloc/Air       14%        N/A       30%         3
p - Blink                 Tloc           24%        N/A       7%          2

Your spell library contained the following spells:

 Spells                   Type           Power      Damage    Failure   Level
 Lesser Beckoning         Tloc           24%        N/A       7%          2
 Teleport Other           Tloc           12%        N/A       14%         3
 Magic Dart               Conj           8%         1d3       21%         1
 Searing Ray              Conj           4%         2d4       30%         2
 Manifold Assault         Tloc           12%        N/A       43%         4
 Fulminant Prism          Conj/Hex       1%         3d5       90%         4


Dungeon Overview and Level Annotations

Branches:
Dungeon (4/15) Zot: 509
 Temple: D:4-7

Altars:
Elyvilon
Vehumet
Wu Jian

Annotations:
D:4 Ijyb


Innate Abilities, Weirdness & Mutations

You are a tree.
Your roots penetrate the ground, keeping you stationary.
You cannot be teleported.
You are immune to unholy pain and torment.
Your maximum health is greatly increased.
Your equipment is partially melded.
You passively map a small area around you.
You are easily found by Zot.
You glow in the dark.
You regain HP and MP as you explore.


Message History

Ijyb is lightly wounded.
Ijyb hits you but does no damage.
You hit Ijyb.
Ijyb is lightly wounded.
Ijyb hits you but does no damage.
You hit Ijyb.
Ijyb is moderately wounded.
Ijyb screams, "No!
No, no, no, no!"
Ijyb hits you but does no damage.
You hit Ijyb but do no damage.
Ijyb is moderately wounded.
Ijyb hits you but does no damage.
You closely miss Ijyb.
Ijyb is moderately wounded.
Ijyb hits you but does no damage.
You barely miss Ijyb.
Ijyb is moderately wounded.
Ijyb hits you with a +0 club.
* * * LOW HITPOINT WARNING * * *
You closely miss Ijyb.
Ijyb is moderately wounded.
Ijyb hits you with a +0 club.
* * * LOW HITPOINT WARNING * * *
You closely miss Ijyb.
Ijyb is moderately wounded.
Ijyb hits you but does no damage. x2
You barely miss Ijyb.
Ijyb is moderately wounded.
Your transformation is almost over.
Ijyb hits you but does no damage.
You hit Ijyb.
Ijyb is heavily wounded.
Ijyb hits you but does no damage.
You hit Ijyb but do no damage.
Ijyb is heavily wounded.
Ijyb hits you but does no damage.
You hit Ijyb.
Ijyb is heavily wounded.
Ijyb hits you with a +0 club.
You die...

* ** ** #.# * ####
#.# , ,, ..# #.# #
,,, , *,* #####.#
#.##### *
#.....#########.#...#
#..................#.
#..##.#######........
, ,#.#..##.#
##...###. #....g♣.#
##.#...# * ###.###.#
#.##### #, #.# #.# #
, * * , ..# ##'## *
#.# ##...## #.#
##.....## #.#
##.......## , * **
..####.........# , ,
, ,...'.........'


You could see Ijyb.

Vanquished Creatures
  3 adders
  An orc (D:3)
  4 endoplasms
  3 giant cockroaches
  6 goblins
  5 hobgoblins
  2 quokkas
  5 ball pythons
  A bat (D:2)
  2 frilled lizards
  5 kobolds
  3 rats
40 creatures vanquished.

Notes
Turn   | Place    | Note
-------+----------+-------------------------------------------
     0 | D:1      | lunkers the Meteoran Warper began the quest for the Orb.
     0 | D:1      | Reached XP level 1. HP: 17/17 MP: 5/5
    14 | D:1      | Reached skill level 3 in Maces & Flails
    88 | D:1      | Reached XP level 2. HP: 24/24 MP: 6/6
   347 | D:1      | Reached skill level 4 in Maces & Flails
   467 | D:1      | Reached XP level 3. HP: 21/29 MP: 8/8
   482 | D:1      | Glimpsed the power of Zot.
   787 | D:2      | Reached skill level 5 in Maces & Flails
   787 | D:2      | Reached XP level 4. HP: 18/36 MP: 9/9
   875 | D:3      | Learned a level 2 spell: Blink
   879 | D:3      | Learned a level 3 spell: Vhi's Electric Charge
   945 | D:3      | Noticed Ijyb
  1097 | D:3      | Found an ornate altar of the Wu Jian Council.
  1257 | D:3      | Found a radiant altar of Vehumet.
  1339 | D:3      | Found a white marble altar of Elyvilon.
  1847 | D:4      | HP: 2/54 [Ijyb/puff of flame (6)]
  1859 | D:4      | Slain by Ijyb

Illustrated notes

Levels and vault maps discovered:
D:1:      roderic_crossed_star, layout_basic, minmay_misc_feat_rugged
D:2:      layout_loops_corners, basic_ecumenical_altar, serial_shops,
          shop_statue
D:3:      layout_basic, lemuel_doored_altar, vehumet_crystals,
          nicolae_elyvilon_peaceful_grove, uniq_ijyb
D:4:      layout_loops_corners, uniq_robin

Skill      XL: |  1  2  3 |
---------------+----------+-----
Maces & Flails | 3 4 5 |  5.9
Fighting       | |  2.1
Throwing       | |  1.2
Armour         | |  1.2
Dodging        | |  2.4
Spellcasting   | |  2.6
Translocations | |  3.6

Action                     |  1- 3 |  4- 6 || total
---------------------------+-------+-------++-------
  Melee: Mace              |   105 |    79 ||   184
         Punch             |       |     1 ||     1
   Cast: Vhi's Electric Ch |       |     1 ||     1
    Use: Potion            |       |     1 ||     1
 Armour: Leather armour    |    43 |    13 ||    56
         Skin              |       |    19 ||    19
  Dodge: Dodged            |    65 |    30 ||    95

Table legend: (Time is in decaauts)
 A = Elapsed time spent in this place.
 B = Non-inter-level travel time spent in this place.
 C = Inter-level travel time spent in this place.
 D = Time resting spent in this place.
 E = Time spent auto-exploring this place.
 F = Levels seen in this place.
 G = Mean time per level.
                   A        B        C        D        E       F      G
               +--------+--------+--------+--------+--------+-----+--------+
         Total |   1889 |   1832 |     57 |      0 |   1441 |   4 |  472.2 |
       Dungeon |   1889 |   1832 |     57 |      0 |   1441 |   4 |  472.2 |
               +--------+--------+--------+--------+--------+-----+--------+

Top non-repeatable levels by time:
     D:1: 534 daAuts
     D:4: 499 daAuts
     D:3: 497 daAuts
     D:2: 358 daAuts
